BLB
SANTO DOMINGO RUM RUNNERS @ BATAVIA MUCKDOGS
09/01/2059
 
TOP OF THE 1ST
Santo Domingo Rum Runners batting - Pitching for Batavia Muckdogs : RHP Heath Day
Pitching: RHP Heath Day
Batting: RHB Kenny West 0-0: Ground out 5-3 (Groundball, 56, EV 85.6 MPH)
Batting: LHB Lester Bridges 0-0: Ball
1-0: Ball
2-0: Ball
3-0: Foul Ball, location: 2F
3-1: Base on Balls
Batting: LHB Damon Casebier 0-0: Swinging Strike
0-1: Fly out, F8 (Line Drive, 8RM, EV 93.1 MPH)
Batting: LHB Larry Collier 0-0: Swinging Strike
0-1: Swinging Strike
0-2: Foul Ball, location: 2F
0-2: Strikes out looking
Top of the 1st over - 0 runs, 0 hits, 0 errors, 1 left on base; Santo Domingo 0 - Batavia 0
BOTTOM OF THE 1ST
Batavia Muckdogs batting - Pitching for Santo Domingo Rum Runners : LHP Ken Burns
Pitching: LHP Ken Burns
Batting: LHB Donald Dworkin 0-0: Swinging Strike
0-1: Ball
1-1: Swinging Strike
1-2: Fly out, F9 (Flyball, 9LM, EV 85.0 MPH)
Batting: RHB Robbie McGath 0-0: Ball
1-0: Foul Ball, location: 2F
1-1: Called Strike
1-2: Strikes out swinging
Batting: RHB R.J. McCarthy 0-0: Ball
1-0: Called Strike
1-1: Foul Ball, location: 2F
1-2: Ball
2-2: Ball
3-2: Strikes out swinging
Bottom of the 1st over - 0 runs, 0 hits, 0 errors, 0 left on base; Santo Domingo 0 - Batavia 0
TOP OF THE 2ND
Santo Domingo Rum Runners batting - Pitching for Batavia Muckdogs : RHP Heath Day
Batting: RHB Gage Hay 0-0: Ball
1-0: Swinging Strike
1-1: Ball
2-1: Foul Ball, location: 2F
2-2: Ball
3-2: Foul Ball, location: 2F
3-2: TRIPLE (Flyball, 89XD, EV 101.9 MPH)
Batting: LHB Kolby Carter 0-0: Swinging Strike
0-1: Swinging Strike
0-2: Fly out, F8 (Flyball, 8RD, EV 99.4 MPH)
Runner from 3rd tags up, SCORES, throw by CF
Batting: RHB Devin Geertz 0-0: Foul Ball, location: 2F
0-1: Swinging Strike
0-2: Strikes out swinging
Batting: RHB Rodell bin Rahman 0-0: Called Strike
0-1: Foul Ball, location: 2F
0-2: Strikes out swinging
Top of the 2nd over - 1 run, 1 hit, 0 errors, 0 left on base; Santo Domingo 1 - Batavia 0
BOTTOM OF THE 2ND
Batavia Muckdogs batting - Pitching for Santo Domingo Rum Runners : LHP Ken Burns
Batting: RHB Wade Cummins 0-0: Called Strike
0-1: Ball
1-1: Called Strike
1-2: Foul Ball, location: 2F
1-2: Foul Ball, location: 2F
1-2: Foul Ball, location: 2F
1-2: Fly out, F7 (Line Drive, 7, EV 97.5 MPH)
Batting: RHB Tommy Tyrrell 0-0: Called Strike
0-1: Ball
1-1: Called Strike
1-2: Foul Ball, location: 2F
1-2: Ball
2-2: Strikes out swinging
Batting: RHB Colby Cooper 0-0: Called Strike
0-1: Called Strike
0-2: Strikes out swinging
Bottom of the 2nd over - 0 runs, 0 hits, 0 errors, 0 left on base; Santo Domingo 1 - Batavia 0
TOP OF THE 3RD
Santo Domingo Rum Runners batting - Pitching for Batavia Muckdogs : RHP Heath Day
Batting: RHB Devain Ecevit 0-0: Ball
1-0: Foul Ball, location: 2F
1-1: Ground out 6-3 (Groundball, 6, EV 83.8 MPH)
Batting: RHB Kenny West 0-0: Ground out 5-3 (Groundball, 56S, EV 87.5 MPH)
Batting: LHB Lester Bridges 0-0: Ball
1-0: Fly out, F8 (Flyball, 78M, EV 86.9 MPH)
Top of the 3rd over - 0 runs, 0 hits, 0 errors, 0 left on base; Santo Domingo 1 - Batavia 0
BOTTOM OF THE 3RD
Batavia Muckdogs batting - Pitching for Santo Domingo Rum Runners : LHP Ken Burns
Batting: RHB Julius McCurdy 0-0: Swinging Strike
0-1: Swinging Strike
0-2: Strikes out swinging
Batting: RHB Destin Fransen 0-0: Ball
1-0: Foul Ball, location: 2F
1-1: Ball
2-1: Ball
3-1: Swinging Strike
3-2: Strikes out looking
Batting: RHB Tyson Velez 0-0: Swinging Strike
0-1: Ball
1-1: SINGLE (Groundball, 6MD, EV 103.8 MPH)
Batting: LHB Donald Dworkin 0-0: Ball
1-0: SINGLE (Groundball, 4MD, EV 96.2 MPH)
Tyson Velez to second
Runner from 2nd tries for 3rd, SAFE, throw by CF made to third
Batting: RHB Robbie McGath 0-0: Called Strike
0-1: TRIPLE (Line Drive, 89XD, EV 100.6 MPH)
Tyson Velez scores
Donald Dworkin scores
Batting: RHB R.J. McCarthy 0-0: Called Strike
0-1: Foul Ball, location: 2F
0-2: Foul Ball, location: 2F
0-2: Ball
1-2: Strikes out swinging
Bottom of the 3rd over - 2 runs, 3 hits, 0 errors, 1 left on base; Santo Domingo 1 - Batavia 2
TOP OF THE 4TH
Santo Domingo Rum Runners batting - Pitching for Batavia Muckdogs : RHP Heath Day
Batting: LHB Damon Casebier 0-0: Ball
1-0: Ball
2-0: Called Strike
2-1: Ball
3-1: Base on Balls
Batting: LHB Larry Collier 0-0: Ball
1-0: SINGLE (Flyball, 3D, EV 88.8 MPH)
Damon Casebier to second
Runner from 2nd tries for 3rd, SAFE, throw by RF made to third
Batting: RHB Gage Hay 0-0: Called Strike
0-1: Foul Ball, location: 2F
0-2: Foul Ball, location: 2F
0-2: Foul Ball, location: 2F
0-2: SINGLE (Groundball, 6MD, EV 93.8 MPH)
Damon Casebier scores
Larry Collier to second
Batting: LHB Kolby Carter 0-0: SINGLE (Groundball, 4MD, EV 105.6 MPH)
Larry Collier to third
Gage Hay to second
Throwing error, E8
Larry Collier scores
Gage Hay to third
Kolby Carter to second
Batting: RHB Devin Geertz 0-0: Ball
1-0: Called Strike
1-1: Called Strike
1-2: Reached on error, E5 (Groundball, 56, EV 89.4 MPH)
Gage Hay scores
Kolby Carter to third
Batting: RHB Rodell bin Rahman 0-0: Ball
1-0: Ball
2-0: Swinging Strike
2-1: Foul Ball, location: 2F
2-2: Strikes out swinging
Batting: RHB Devain Ecevit 0-0: Ball
1-0: SINGLE (Groundball, 6MD, EV 101.9 MPH) (infield hit)
Kolby Carter scores
Devin Geertz to second
Pitching: RHP Herm Cobaj
Batting: RHB Kenny West 0-0: Foul Ball, location: 2F
0-1: Fly out, F8 (Flyball, 78D, EV 90.6 MPH)
Batting: LHB Lester Bridges 0-0: Ball
1-0: Swinging Strike
1-1: Called Strike
1-2: Ball
2-2: Strikes out looking
Top of the 4th over - 4 runs, 4 hits, 2 errors, 2 left on base; Santo Domingo 5 - Batavia 2
BOTTOM OF THE 4TH
Batavia Muckdogs batting - Pitching for Santo Domingo Rum Runners : LHP Ken Burns
Batting: RHB Wade Cummins 0-0: Ball
1-0: Swinging Strike
1-1: SINGLE (Groundball, 6S, EV 72.5 MPH) (infield hit)
Batting: RHB Tommy Tyrrell 0-0: Called Strike
0-1: Ball
1-1: Foul Ball, location: 2F
1-2: Ball
2-2: Ball
3-2: Base on Balls
Wade Cummins to second
Batting: RHB Colby Cooper 0-0: Called Strike
0-1: Ball
1-1: Foul Ball, location: 2F
1-2: Ball
2-2: Strikes out looking
Batting: RHB Julius McCurdy 0-0: Ball
1-0: Ball
2-0: Grounds into double play, 6-4-3 (Groundball, 56, EV 108.8 MPH)
Bottom of the 4th over - 0 runs, 1 hit, 0 errors, 1 left on base; Santo Domingo 5 - Batavia 2
TOP OF THE 5TH
Santo Domingo Rum Runners batting - Pitching for Batavia Muckdogs : RHP Herm Cobaj
Batting: LHB Damon Casebier 0-0: Ball
1-0: Foul Ball, location: 2F
1-1: Called Strike
1-2: Ball
2-2: Ground out 6-3 (Groundball, 6, EV 93.1 MPH)
Batting: LHB Larry Collier 0-0: Swinging Strike
0-1: Ball
1-1: Ground out U3 (Groundball, 34, EV 105.6 MPH)
Batting: RHB Gage Hay 0-0: Called Strike
0-1: Swinging Strike
0-2: Ball
1-2: SINGLE (Line Drive, 56D, EV 95.0 MPH)
Batting: LHB Kolby Carter 0-0: Called Strike
0-1: Ball
1-1: SINGLE (Line Drive, 6D, EV 100.0 MPH)
Gage Hay to second
Batting: RHB Devin Geertz 0-0: Ball
1-0: Foul Ball, location: 2F
1-1: DOUBLE (Line Drive, 78D, EV 103.1 MPH)
Gage Hay scores
Kolby Carter to third
Runner from 3rd tries for Home, SAFE, throw by CF to home
Batting: RHB Rodell bin Rahman 0-0: Called Strike
0-1: Ball
1-1: Ball
2-1: Foul Ball, location: 2F
2-2: Foul Ball, location: 2F
2-2: Strikes out swinging
Top of the 5th over - 2 runs, 3 hits, 0 errors, 1 left on base; Santo Domingo 7 - Batavia 2
BOTTOM OF THE 5TH
Batavia Muckdogs batting - Pitching for Santo Domingo Rum Runners : LHP Ken Burns
Batting: RHB Destin Fransen 0-0: Called Strike
0-1: Ball
1-1: Ball
2-1: Ball
3-1: Foul Ball, location: 2F
3-2: Strikes out looking
Batting: RHB Tyson Velez 0-0: SINGLE (Groundball, P, EV 89.4 MPH) (infield hit)
Batting: LHB Donald Dworkin 0-0: Ball
1-0: Ball
2-0: Ball
3-0: Base on Balls
Tyson Velez to second
Batting: RHB Robbie McGath 0-0: Foul Ball, location: 2F
0-1: Ball
1-1: Foul Ball, location: 2F
1-2: Ground out 4-3 (Groundball, 4MS, EV 68.1 MPH)
Tyson Velez to third
Donald Dworkin to second
Batting: RHB R.J. McCarthy 0-0: Swinging Strike
0-1: Fly out, F9 (Flyball, 9D, EV 93.1 MPH)
Bottom of the 5th over - 0 runs, 1 hit, 0 errors, 2 left on base; Santo Domingo 7 - Batavia 2
TOP OF THE 6TH
Santo Domingo Rum Runners batting - Pitching for Batavia Muckdogs : RHP Herm Cobaj
Pitching: RHP Chance Loya
Batting: RHB Devain Ecevit 0-0: Called Strike
0-1: SINGLE (Flyball, 34D, EV 84.4 MPH)
Batting: RHB Kenny West 0-0: Called Strike
Devain Ecevit steals 2nd base
0-1: Ball
1-1: Ball
2-1: Foul Ball, location: 2F
2-2: Ball
3-2: Foul Ball, location: 2F
3-2: Strikes out swinging, 2-3 out at first.
Batting: LHB Lester Bridges 0-0: Foul Ball, location: 2F
0-1: Ball
1-1: Swinging Strike
1-2: Strikes out swinging
Batting: LHB Damon Casebier 0-0: Foul Ball, location: 2F
0-1: Ball
1-1: Ball
2-1: Fly out, F9 (Flyball, 89D, EV 68.1 MPH)
Top of the 6th over - 0 runs, 1 hit, 0 errors, 1 left on base; Santo Domingo 7 - Batavia 2
BOTTOM OF THE 6TH
Batavia Muckdogs batting - Pitching for Santo Domingo Rum Runners : LHP Ken Burns
Batting: RHB Wade Cummins 0-0: Called Strike
0-1: Foul Ball, location: 2F
0-2: Strikes out swinging
Batting: RHB Tommy Tyrrell 0-0: Called Strike
0-1: SOLO HOME RUN (Line Drive, 8LXD, EV 110.6 MPH), Distance : 414 ft
Batting: RHB Colby Cooper 0-0: Ball
1-0: SINGLE (Groundball, 34D, EV 105.6 MPH)
Batting: RHB Julius McCurdy 0-0: Ball
1-0: Ball
2-0: Called Strike
2-1: Foul Ball, location: 2F
2-2: Foul Ball, location: 2F
2-2: SINGLE (Groundball, 56D, EV 105.6 MPH) (infield hit)
Colby Cooper to second
Batting: RHB Destin Fransen 0-0: Ball
1-0: Called Strike
1-1: Grounds into double play, 6-4-3 (Groundball, 56, EV 85.0 MPH)
Bottom of the 6th over - 1 run, 3 hits, 0 errors, 1 left on base; Santo Domingo 7 - Batavia 3
TOP OF THE 7TH
Santo Domingo Rum Runners batting - Pitching for Batavia Muckdogs : RHP Chance Loya
Batting: LHB Larry Collier 0-0: Ball
1-0: Ball
2-0: Fly out, F8 (Line Drive, 8RD, EV 102.5 MPH)
Batting: RHB Gage Hay 0-0: Called Strike
0-1: Ball
1-1: Foul Ball, location: 2F
1-2: SINGLE (Line Drive, 89S, EV 93.8 MPH)
Batting: LHB Kolby Carter 0-0: Foul Ball, location: 2F
0-1: Ball
1-1: Foul Ball, location: 2F
1-2: Strikes out looking
Batting: RHB Devin Geertz 0-0: Called Strike
Gage Hay steals 2nd base
0-1: Ball
1-1: Ball
2-1: Ground out 6-3 (Groundball, 6, EV 107.5 MPH)
Top of the 7th over - 0 runs, 1 hit, 0 errors, 1 left on base; Santo Domingo 7 - Batavia 3
BOTTOM OF THE 7TH
Batavia Muckdogs batting - Pitching for Santo Domingo Rum Runners : LHP Ken Burns
Batting: RHB Tyson Velez 0-0: Called Strike
0-1: SINGLE (Line Drive, 78S, EV 86.2 MPH)
Batting: LHB Donald Dworkin 0-0: Ball
1-0: Ball
2-0: Foul Ball, location: 2F
2-1: Ball
3-1: Base on Balls
Tyson Velez to second
Pitching: LHP Brad Hudson
Batting: RHB Robbie McGath 0-0: Lines into TRIPLE play, 4-6-3 (Line Drive, 4, EV 61.9 MPH)
Bottom of the 7th over - 0 runs, 1 hit, 0 errors, 0 left on base; Santo Domingo 7 - Batavia 3
TOP OF THE 8TH
Santo Domingo Rum Runners batting - Pitching for Batavia Muckdogs : RHP Chance Loya
Pitching: RHP Stan Dotson
Batting: RHB Rodell bin Rahman 0-0: Called Strike
0-1: Swinging Strike
0-2: Strikes out looking
Batting: RHB Devain Ecevit 0-0: Ball
1-0: Ball
2-0: Ball
3-0: Called Strike
3-1: Base on Balls
Batting: RHB Kenny West 0-0: Ball
1-0: Ball
2-0: Called Strike
2-1: Foul Ball, location: 2F
2-2: Ball
3-2: Foul Ball, location: 2F
3-2: Strikes out swinging
Batting: LHB Lester Bridges 0-0: Ball
1-0: Ball
2-0: Foul Ball, location: 2F
2-1: Called Strike
2-2: Ball
3-2: Base on Balls
Devain Ecevit to second
Batting: LHB Damon Casebier 0-0: Ball
1-0: Ball
2-0: Ball
3-0: Called Strike
3-1: Foul Ball, location: 2F
3-2: Base on Balls
Devain Ecevit to third
Lester Bridges to second
Batting: LHB Larry Collier 0-0: Foul Ball, location: 2F
0-1: Fielders Choice at 2nd, 5-4 (Groundball, 5, EV 90.6 MPH)
Top of the 8th over - 0 runs, 0 hits, 0 errors, 3 left on base; Santo Domingo 7 - Batavia 3
BOTTOM OF THE 8TH
Batavia Muckdogs batting - Pitching for Santo Domingo Rum Runners : LHP Brad Hudson
Batting: RHB R.J. McCarthy 0-0: Called Strike
0-1: Ball
1-1: Ball
2-1: Fly out, F5 (Popup, 5SF, EV 67.5 MPH)
Batting: RHB Wade Cummins 0-0: Called Strike
0-1: Called Strike
0-2: Strikes out looking
Batting: RHB Tommy Tyrrell 0-0: Ball
1-0: Called Strike
1-1: Ball
2-1: Ball
3-1: Base on Balls
Batting: RHB Colby Cooper 0-0: Called Strike
0-1: Ball
1-1: Ball
2-1: Foul Ball, location: 2F
2-2: Strikes out swinging
Bottom of the 8th over - 0 runs, 0 hits, 0 errors, 1 left on base; Santo Domingo 7 - Batavia 3
TOP OF THE 9TH
Santo Domingo Rum Runners batting - Pitching for Batavia Muckdogs : RHP Stan Dotson
Batting: RHB Gage Hay 0-0: Swinging Strike
0-1: Ball
1-1: Ball
2-1: Ball
3-1: Swinging Strike
3-2: Base on Balls
Pitching: RHP Rakim Antonopoulos
Batting: LHB Kolby Carter 0-0: Ball
1-0: Called Strike
1-1: Foul Ball, location: 2F
1-2: Strikes out swinging
Batting: RHB Devin Geertz 0-0: Ball
1-0: Grounds into double play, 6-4-3 (Groundball, 6, EV 85.6 MPH)
Top of the 9th over - 0 runs, 0 hits, 0 errors, 0 left on base; Santo Domingo 7 - Batavia 3
BOTTOM OF THE 9TH
Batavia Muckdogs batting - Pitching for Santo Domingo Rum Runners : LHP Brad Hudson
Batting: RHB Julius McCurdy 0-0: Foul Ball, location: 2F
0-1: Ball
1-1: Called Strike
1-2: Fly out, F9 (Line Drive, 89M, EV 93.1 MPH)
Batting: RHB Destin Fransen 0-0: Foul Ball, location: 2F
0-1: Swinging Strike
0-2: Strikes out looking
Batting: RHB Tyson Velez 0-0: Called Strike
0-1: Foul Ball, location: 2F
0-2: Ball
1-2: Foul Ball, location: 2F
1-2: Strikes out swinging
Bottom of the 9th over - 0 runs, 0 hits, 0 errors, 0 left on base; Santo Domingo 7 - Batavia 3
Friday, March 29th , 2024 - OOTP Baseball 23.10 Build 110